 Dungeon Crawl Stone Soup version 0.28.0-45-g0d030f2227 (webtiles) character file.

Game seed: 7991408913587275304

67 Gabide the Grave Robber (level 3, -1/25 HPs)
             Began as a Mummy Necromancer on Apr 17, 2022.
             Slain by a centaur skeleton (2 damage)
             ... on level 3 of the Dungeon.
             The game lasted 00:04:48 (2804 turns).

Gabide the Grave Robber (Mummy Necromancer)         Turns: 2804, Time: 00:04:48

Health: -1/25      AC:  2    Str: 11    XL:     3   Next: 98%
Magic:  5/8        EV: 12    Int: 16    God:
Gold:   60         SH:  0    Dex: 12    Spells: 5/9 levels left

rFire   x . .      SeeInvis .   (no weapon)
rCold   + . .      Faith    .   (no shield)
rNeg    + + +      Spirit   .   a - +0 robe
rPois   ∞          Reflect  .   (no helmet)
rElec   .          Harm     .   (no cloak)
rCorr   +          Rampage  .   (no gloves)
Will    .....                   (no boots)
Stlth   ++........              (no amulet)
HPRegen 0.08/turn               b - ring of resist corrosion
MPRegen 0.11/turn               (no ring)

@: no status effects
A: cold resistance 1, negative energy resistance 3, torment resistance 2, heat
vulnerability 1, no potions
a: no special abilities


You were on level 3 of the Dungeon.
You visited 1 branch of the dungeon, and saw 3 of its levels.

You collected 60 gold pieces.

Inventory:

Hand Weapons
 f - a +2 antimagic dagger
Armour
 a - a +0 robe (worn)
Jewellery
 b - a ring of resist corrosion (left hand)
Scrolls
 c - a scroll of teleportation {unknown}
 d - a scroll of enchant armour {unknown}
 e - a scroll of noise {unknown}
 g - a scroll of magic mapping {unknown}
 h - a scroll of fear {unknown}


   Skills:
 * Level 0.6 Fighting
 * Level 2.3 Dodging
 + Level 1.6 Stealth
 * Level 3.7 Spellcasting
 * Level 4.5 Necromancy


You had 5 spell levels left.
You knew the following spells:

 Your Spells              Type           Power      Damage    Failure   Level
a - Pain                  Necr           68%        1d7       2%          1
b - Vampiric Draining     Necr           17%        2d7       9%          3

Your spell library contained the following spells:

 Spells                   Type           Power      Damage    Failure   Level
 Animate Skeleton         Necr           34%        N/A       2%          1
 Animate Dead             Necr           8%         N/A       26%         4
 Agony                    Necr           17%        N/A       58%         5


Dungeon Overview and Level Annotations

Branches:
Dungeon (3/15)

Altars:

Shops:
D:1 (


Innate Abilities, Weirdness & Mutations

You are immune to poison.
Your flesh is cold resistant. (rC+)
You are immune to negative energy. (rN+++)
You are immune to unholy pain and torment.
You are vulnerable to heat. (rF-)
You do not drink.


Message History

You are too injured to fight recklessly!
You are too injured to fight recklessly!
You are too injured to fight recklessly!
You are too injured to fight recklessly!
You are too injured to fight recklessly!
You are too injured to fight recklessly!
You are too injured to fight recklessly!
Aiming: Pain (safe; 2% risk of failure)
Press: ? - help, Q - select action Shift-Dir - straight line, f - bat
Aim: a bat (chance to affect: 87%)
The bat barely resists.
The bat misses you. The centaur skeleton barely misses you.
The centaur skeleton kicks you. The bat hits you.
The centaur skeleton closely misses you.
The centaur skeleton barely misses you.
Aiming: Pain (safe; 2% risk of failure)
Press: ? - help, Q - select action Shift-Dir - straight line, f/p - bat
Aim: a bat (chance to affect: 87%)
The bat writhes in agony.
The bat barely misses you.
The centaur skeleton hits you but does no damage.
The centaur skeleton kicks you.
Aiming: Pain (safe; 2% risk of failure)
Press: ? - help, Q - select action Shift-Dir - straight line, f/p - bat
Aim: a bat (severely wounded, chance to affect: 87%)
The bat barely resists.
The centaur skeleton completely misses you.
The centaur skeleton kicks you but does no damage.
The bat closely misses you. The centaur skeleton misses you.
The centaur skeleton kicks you.
* * * LOW HITPOINT WARNING * * *
The bat completely misses you. The centaur skeleton hits you.
* * * LOW HITPOINT WARNING * * *
The centaur skeleton kicks you.
* * * LOW HITPOINT WARNING * * *
The bat barely misses you. The centaur skeleton hits you.
* * * LOW HITPOINT WARNING * * *
The centaur skeleton kicks you.
You die...

##..........#..
...........#..
.#........##.# ...
..........##.# ....
#.##........###.... ##..
##............(..... ....
.......b##..........
.......###.#Z###.........
...........#@###.........
......#..#.#............#
......#........#####.####
##..<#.####.......#
#.......# #..######
#..#....# #..#
#...##....###..#
...........##...#
................#


You could see a bat and a centaur skeleton.

Vanquished Creatures
  3 adders (D:2)
  2 worms (D:2)
  2 endoplasms
  A giant cockroach (D:1)
  5 hobgoblins
  3 kobolds
  2 quokkas
  5 ball pythons
  4 bats
  2 frilled lizards
  2 goblins
  3 rats
34 creatures vanquished.

Vanquished Creatures (others)
  5 plants (D:2)
5 creatures vanquished.

Grand Total: 39 creatures vanquished

Notes
Turn   | Place    | Note
-------+----------+-------------------------------------------
     0 | D:1      | Gabide the Mummy Necromancer began the quest for the Orb.
     0 | D:1      | Reached XP level 1. HP: 13/13 MP: 4/4
   327 | D:1      | Reached XP level 2. HP: 19/19 MP: 3/5
   621 | D:1      | Found Yluocs's Weapon Boutique.
  1859 | D:2      | Reached XP level 3. HP: 25/25 MP: 0/7
  1863 | D:2      | Learned a level 3 spell: Vampiric Draining
  2804 | D:3      | HP: 1/25 [centaur skeleton (2)]
  2804 | D:3      | Slain by a centaur skeleton

Illustrated notes

Levels and vault maps discovered:
D:1:      minmay_arrival_plants_in_alcoves, layout_loops_cross, serial_shops,
          nicolae_shop_bloodbath_and_beyond
D:2:      layout_basic, skrybe_limestone_x, serial_park_tiny_pond,
          amethyst_killhole, serial_bayou_pond_c
D:3:      layout_rooms

Skill      XL: |  1  2 |
---------------+-------+-----
Spellcasting   | 3 |  3.7
Dodging        | 2 |  2.3
Fighting       | |  0.6
Stealth        | |  1.6
Necromancy     | |  4.5

Action                   || total
-------------------------++-------
Melee: Unarmed           ||    31
       Punch             ||     1
 Cast: Pain              ||    99
Armor: Robe              ||     9
Dodge: Dodged            ||    42
